 Dungeon Crawl Stone Soup version 0.26-a0-478-g6c97825307 (webtiles) character file.

Game seed: 2678786599860184431

123 KristoblXynda the Sneak (level 4, 0/33 HPs)
             Began as a Vampire Brigand on July 31, 2020.
             Was an Initiate of Ashenzari.
             Slain by a gnoll (2 damage)
             ... on level 3 of the Dungeon.
             The game lasted 00:04:42 (2243 turns).

KristoblXynda the Sneak (Vampire Brigand)           Turns: 2243, Time: 00:04:42

Health: 0/33       AC:  7    Str: 16    XL:     4   Next: 80%
Magic:  4/4        EV: 13    Int: 14    God:    Ashenzari [......]
Gold:   228        SH:  0    Dex: 15    Spells: 3/3 levels left

rFire    . . .     SeeInvis +   a - +3 dagger
rCold    . . .     Faith    .   (no shield)
rNeg     . . .     Spirit   .   b - +0 robe
rPois    .         Reflect  .   p - +2 helmet
rElec    .         Harm     .   c - +1 cloak
rCorr    .                      (no gloves)
MR       .....                  (no boots)
Stlth    ++++......             (no amulet)
HPRegen  0.31/turn              h - +6 ring of strength
MPRegen  0.09/turn              (no ring)

@: regenerating quickly
A: fangs 3, see invisible, unbreathing
a: Exsanguinate, Curse Item, Renounce Religion


You were on level 3 of the Dungeon.
You worshipped Ashenzari.
Ashenzari was noncommittal.
You visited 1 branch of the dungeon, and saw 3 of its levels.

You collected 228 gold pieces.

Inventory:

Hand Weapons
 a - a +3 dagger (weapon)
Missiles
 d - 30 poisoned darts (quivered)
 e - 2 curare-tipped darts
Armour
 b - a +0 robe (worn)
 c - a +1 cloak (worn)
 p - a +2 helmet (worn)
Jewellery
 h - a +6 ring of strength (left hand)
 n - an uncursed ring of flight
Scrolls
 i - a scroll of enchant armour
 j - 5 scrolls of teleportation
 l - a scroll of magic mapping
 q - a scroll of remove curse
 t - a scroll of fog {unknown}
Potions
 f - a potion of heal wounds
 g - 4 potions of curing
 k - a potion of haste
 m - a potion of might
 o - a potion of flight
 s - a potion of ambrosia {unknown}


   Skills:
 - Level 2.0 Fighting
 + Level 3.3 Short Blades
 - Level 2.0 Throwing
 + Level 2.6 Dodging
 + Level 7.0 Stealth
 + Level 1.0 Evocations


You had 3 spell levels left.
You didn't know any spells.
Your spell library was empty.

Dungeon Overview and Level Annotations

Branches:
Dungeon (3/15)

Altars:
Ashenzari


Innate Abilities, Weirdness & Mutations

Your natural rate of healing is unusually fast.
You have razor-sharp teeth.
You have supernaturally acute eyesight. (SInv)
You can survive without breathing.


Message History

Found a stone staircase leading down.
A worm comes into view.
The gnoll closely misses you.
Found a cursed enchanted cloak.
You completely miss the gnoll. The gnoll hits you. x2
The gnoll shouts!
You hit the gnoll.
The gnoll is moderately wounded.
The gnoll closely misses you.
You completely miss the gnoll. You bite the gnoll.
The gnoll is lightly wounded.
The gnoll hits you. The gnoll hits you with a +0 spear.
You closely miss the gnoll. The gnoll hits you. x2
The gnoll hits you but does no damage.
You hit the gnoll.
The gnoll is moderately wounded.
The gnoll hits you with a +0 flail!
* * * LOW HITPOINT WARNING * * *
The gnoll hits you.
You die...

.# *,***,* .#
*,*<,,****** .#
###*##,****,,,,,* .#
#..,.#,,,,,,***,* .#
#.##.######****,* .#
#.#........,,,,,* ##
#.#.....#********
##############.#gg.#.###
...............g@g....>#
##.###########.###...#.#
##.# *,,,,w...g,,[##,*
##.# *,,.....###*,..,*
##.# *.......# ***##*
##.# *.......# ##.#
*######## ##.# ##.#


You could see a worm and 4 gnolls.

Vanquished Creatures
  A worker ant (D:3)
  Robin (D:2)
  An ooze (D:3)
  3 dart slugs
  2 leopard geckos
  An orc (D:3)
  9 bats
  3 giant cockroaches
  10 hobgoblins
  7 jackals
  5 kobolds
  A quokka (D:3)
  4 frilled lizards
  17 goblins
  2 rats (D:1)
67 creatures vanquished.

Notes
Turn   | Place    | Note
-------+----------+-------------------------------------------
     0 | D:1      | KristoblXynda the Vampire Brigand began the quest for the
                  | Orb.
     0 | D:1      | Reached XP level 1. HP: 16/16 MP: 1/1
    66 | D:1      | Reached skill level 6 in Stealth
   162 | D:1      | Reached XP level 2. HP: 22/22 MP: 2/2
   675 | D:2      | Found a shattered altar of Ashenzari.
   681 | D:2      | Became a worshipper of Ashenzari the Shackled
   721 | D:2      | Reached XP level 3. HP: 24/27 MP: 3/3
   944 | D:2      | Noticed Robin
  1251 | D:2      | Killed Robin
  1506 | D:2      | Reached XP level 4. HP: 33/33 MP: 4/4
  1997 | D:3      | Reached skill level 1 in Evocations
  2046 | D:3      | Reached skill level 7 in Stealth
  2243 | D:3      | Slain by a gnoll

Illustrated notes

Levels and vault maps discovered:
D:1:      lightli_arrival_flooded_house, layout_rooms, minivault_25,
          serial_bayou_pond_c, minmay_pentomino_t2
D:2:      wad_pebble_path, layout_basic, evilmike_ruin_ashenzari, uniq_robin
D:3:      layout_basic, minmay_pentangle

Skill      XL: |  1  2  3  4 |
---------------+-------------+-----
Stealth        | 6 7 |  7.0
Throwing       | 2 |  2.0
Dodging        | 2 |  2.6
Fighting       | 2 |  2.0
Short Blades   | 3 |  3.3
Evocations     | 1 |  1.0

Action                   |  1- 3 |  4- 6 || total
-------------------------+-------+-------++-------
Melee: Dagger            |   131 |    64 ||   195
       Bite              |    14 |     5 ||    19
Throw: Dart              |       |     4 ||     4
  Use: Scroll            |       |     9 ||     9
 Stab: Sleeping          |     6 |     4 ||    10
Armor: Robe              |    39 |    12 ||    51
Dodge: Dodged            |    99 |    35 ||   134

Table legend: (Time is in decaauts)
 A = Elapsed time spent in this place.
 B = Non-inter-level travel time spent in this place.
 C = Inter-level travel time spent in this place.
 D = Time resting spent in this place.
 E = Time spent auto-exploring this place.
 F = Levels seen in this place.
 G = Mean time per level.
                   A        B        C        D        E       F      G
               +--------+--------+--------+--------+--------+-----+--------+
         Total |   2220 |   2199 |     21 |    284 |   1085 |   3 |  740.0 |
       Dungeon |   2220 |   2199 |     21 |    284 |   1085 |   3 |  740.0 |
               +--------+--------+--------+--------+--------+-----+--------+

Top non-repeatable levels by time:
     D:1: 805 daAuts
     D:2: 769 daAuts
     D:3: 645 daAuts
